 Dungeon Crawl Stone Soup version 0.30-b1-2-g02819fbbbe (webtiles) character file.

Game seed: 13704354642349148733

8 Alarkh the Vexing (level 2, 21/21 HPs)
             Began as a Demonspawn Hexslinger on July 7, 2023.
             Got out of the dungeon alive.
             The game lasted 00:00:16 (229 turns).

Alarkh the Vexing (Demonspawn Hexslinger)            Turns: 229, Time: 00:00:17

Health: 21/21      AC:  2    Str: 10    XL:     2   Next: 0%
Magic:  3/3        EV: 12    Int: 14    God:
Gold:   16         SH:  4    Dex: 13    Spells: 2/3 levels left

rFire   . . .        a - +1 sling
rCold   . . .        (no shield)
rNeg    . . .        c - +0 robe
rPois   .            (no helmet)
rElec   .            (no cloak)
rCorr   .            (no gloves)
SInv    .            (no boots)
Will    .....        (no amulet)
Stlth   +            (no ring)
HPRegen 0.23/turn    (no ring)
MPRegen 0.08/turn

%: no passive effects
@: no status effects
A: condensation shield
a: no special abilities


You escaped.
You visited 1 branch of the dungeon, and saw 1 of its levels.

You collected 16 gold pieces.

Inventory:

Hand Weapons
 a - a +1 sling (weapon)
Armour
 c - a +0 robe (worn)
Scrolls
 b - a scroll of poison
 e - a scroll of identify {unknown}
 f - 3 scrolls of teleportation {unknown}
Potions
 d - a potion of flight {unknown}
 g - a potion of attraction {unknown}


   Skills:
 - Level 1.0 Fighting
 + Level 2.5 Ranged Weapons
 - Level 1.7 Dodging
 - Level 1.0 Spellcasting
 - Level 3.0 Hexes


You had 2 spell levels left.
You knew the following spells:

 Your Spells              Type           Power      Damage    Failure   Level
a - Slow                  Hex            36%        N/A       8%          1

Your spell library contained the following spells:

 Spells                   Type           Power      Damage    Failure   Level
 Inner Flame              Hex/Fire       4%         N/A       38%         3
 Portal Projectile        Hex/Tloc       8%         N/A       38%         3
 Cause Fear               Hex            4%         N/A       58%         4


Dungeon Overview and Level Annotations

Branches:
Dungeon (1/15)

Altars:


Innate Abilities, Weirdness & Mutations

A meltable shield of frost defends you. (SH +4)


Message History

You shoot a sling bullet. The sling bullet barely misses the bat.
The bat hits you but does no damage.
You shoot a sling bullet.
The sling bullet closely misses the bat.
The bat barely misses you.
You shoot a sling bullet. The sling bullet misses the bat.
The bat closely misses you.
No target in view!
No target in view!
Found 3 scrolls labelled VAZOUL ULAMA and a black potion.
The bat hits you but does no damage.
A bat is nearby!
A bat is nearby!
You shoot a sling bullet.
The sling bullet closely misses the bat.
The bat closely misses you. The bat misses you.
You shoot a sling bullet. The sling bullet hits the bat.
The bat is moderately wounded.
The bat barely misses you.
You shoot a sling bullet. The sling bullet hits the bat.
The bat is heavily wounded.
The bat hits you.
You shoot a sling bullet. The sling bullet hits the bat.
You kill the bat!
You have reached level 2!
Your demonic ancestry asserts itself...
Frost condenses into a shield before you.
HP restored.
f - 3 scrolls labelled VAZOUL ULAMA
g - a black potion Unknown command.
You open the door.
There is an open door here.
You see here a bat corpse.
You open the door.
There is an open door here.
You see here a frilled lizard corpse.
There is a staircase leading out of the dungeon here.
Are you sure you want to leave the Dungeon?
This will make you lose the game!
You have escaped!

######.##.....# #.....##.###.#.##
.......#.....## ##.....#.........
.......#..#..# #..#..#####.#.##
.......#..#..# #..#..# #.#.##
######.#.....## ##.....# #.#.##
.......##.....# #.(...## #.#.##
.....#..#.....###.....######'#+##
..##.#.†##...........##..........
.....#..###....#@...###.###......
#....#..#####..###### #......
.....#.........# #......
#....#..######## #......
.....#..# #.....> #.####..#
#...... ........# #......
#.#####.# ####### #.# #.#


There were no monsters in sight!

Vanquished Creatures
  2 ball pythons (D:1)
  2 giant cockroaches (D:1)
  2 bats (D:1)
  A frilled lizard (D:1)
  A rat (D:1)
8 creatures vanquished.

Notes
Turn   | Place    | Note
-------+----------+-------------------------------------------
     0 | D:1      | Alarkh the Demonspawn Hexslinger began the quest for the
                  | Orb.
     0 | D:1      | Reached XP level 1. HP: 15/15 MP: 2/2
   155 | D:1      | Gained mutation: A meltable shield of frost defends you.
                  | (SH +4) [demonic ancestry]
   155 | D:1      | Reached XP level 2. HP: 20/21 MP: 3/3
   229 | D:$      | Got out of the dungeon alive.

Illustrated notes

Levels and vault maps discovered:
D:1:      minmay_arrival_loop, layout_basic

Skill      XL: |  1 |
---------------+----+-----
Ranged Weapons | 2 |  2.5
Fighting       | |  1.0
Dodging        | |  1.7
Spellcasting   | |  1.0
Hexes          | |  3.0

Action                     || total
---------------------------++-------
   Fire: Sling             ||    32
 Armour: Robe              ||     6
  Dodge: Dodged            ||    16
